 Dungeon Crawl Stone Soup version 0.21-a0-352-g5b8f553 (webtiles) character file.

151 Ijustatesigmund the Sneak (level 5, -1/26 HPs)
             Began as a Vine Stalker Enchanter on Oct 10, 2017.
             Slain by an orc
             ... wielding a +0 short sword
              (4 damage)
             ... on level 3 of the Dungeon.
             The game lasted 00:11:12 (2460 turns).

Ijustatesigmund the Sneak (Vine Stalker Enchanter)  Turns: 2460, Time: 00:11:13

Health: -1/26      AC:  3    Str: 10    XL:     5   Next: 33%
Magic:  0/9        EV: 12    Int: 20    God:
Gold:   124        SH:  0    Dex: 16    Spells: 3/9 levels left

rFire    . . .     SeeInvis .   a - +1 dagger
rCold    . . .     Gourm    .   (no shield)
rNeg     . . .     Faith    .   b - +1 robe
rPois    .         Spirit   +   (no helmet)
rElec    .         Reflect  .   (no cloak)
rCorr    .         Harm     .   (no gloves)
MR       .....                  (no boots)
Stlth    +++.......             (no amulet)
HPRegen  0.48/turn              f - +3 ring of evasion
MPRegen  0.11/turn              m - -3 ring of evasion (curse)

@: brilliant, lethally poisoned (-1 -> -2), very slightly contaminated
A: fangs 2, regeneration 1, magic shield, antimagic bite, no potion heal 3, rot
immunity
a: no special abilities


You were on level 3 of the Dungeon.
You were hungry.

You visited 1 branch of the dungeon, and saw 3 of its levels.

You collected 124 gold pieces.

Inventory:

Hand Weapons
 a - a +1 dagger (weapon)
 k - a +4 dagger
Armour
 b - a +1 robe (worn)
 i - a +0 buckler
Jewellery
 f - a +3 ring of evasion (left hand)
 j - an uncursed ring of protection from magic
 m - a cursed -3 ring of evasion (right hand)
 p - a +3 ring of protection {unknown}
Scrolls
 e - a scroll of amnesia
 g - 2 scrolls of identify
Potions
 o - a potion of brilliance
Books
 c - a book of Maledictions

   Spells                             Type                      Level
   a - Corona                         Hexes                        1
   b - Ensorcelled Hibernation        Hexes/Ice                    2
   c - Confuse                        Hexes                        3
   d - Tukima's Dance                 Hexes                        3
   e - Dazzling Spray                 Conjuration/Hexes            3
Comestibles
 d - 2 bread rations
 l - 2 fruits
 n - 2 meat rations
 q - 2 chunks of flesh
 r - a royal jelly


   Skills:
 - Level 2.2 Fighting
 - Level 2.6 Short Blades
 - Level 1.5 Dodging
 + Level 4.0 Stealth
 + Level 2.5 Spellcasting
 - Level 3.0 Hexes
 - Level 2.0 Ice Magic


You had 3 spell levels left.
You knew the following spells:

 Your Spells              Type           Power        Failure   Level  Hunger
a - Corona                Hex            ####...      1%          1    None
b - Ensorcelled Hibernat  Hex/Ice        ###...       1%          2    ##.....
c - Dazzling Spray        Conj/Hex       ###...       3%          3    ###....


Dungeon Overview and Level Annotations

Branches:
Dungeon (3/15)

Altars:
Uskayaw


Innate Abilities, Weirdness & Mutations

You have extremely sharp teeth.
Your natural rate of healing is unusually fast.
When hurt, damage is shared between your health and your magic reserves.
Your bite disrupts and absorbs the magic of your enemies.
Potions cannot restore your health.
You are immune to rotting.


Message History

You hear a shout!
The orc closely misses you.
You hit the orc. You bite the orc, but do no damage.
The orc is heavily wounded.
An orc comes into view.
You hit the orc.
The orc is lightly wounded.
You feel sick. The orc hits you with a short sword.
* * * LOW HITPOINT WARNING * * *
A goblin comes into view.
Okay, then.
Casting: Ensorcelled Hibernation
Confirm with . or Enter, or press ? or * to list all spells.
Aiming: Ensorcelled Hibernation
Press: ? - help, Shift-Dir - straight line, f - orc, p - orc
Aim: an orc, wielding a short sword (chance to defeat MR: 71%)
The orc struggles to resist.
The goblin shouts!
The orc closely misses you. The orc hits you with a short sword.
You die...

#)#....###.#..####.#
#......# #.#....
######## #o#....# ###
#.#...... #..
#o#.#.#####. #.# ###
#o#.... ..g #.# ..# #.#
..# ####.###.#
#o####o.### ...#'#.#.#
#.oo@oog..#
.....(...##########o..#
.........).# .#
......####.# ...^..#
#.# ## ####### #.# #..
#.# #.### #.# #.#<# #.#
#.#.#


You could see 7 orcs and 2 goblins.

Vanquished Creatures
  Natasha (D:3)
  A gnoll (D:1)
  4 adders
  A dart slug (D:1)
  A worm (D:2)
  7 leopard geckos
  2 orcs (D:3)
  2 giant cockroaches
  5 goblins
  8 hobgoblins
  10 jackals
  A ball python (D:2)
  5 bats
  7 frilled lizards
  7 kobolds
  6 rats
68 creatures vanquished.

Notes
Turn   | Place    | Note
-------+----------+-------------------------------------------
     0 | D:1      | Ijustatesigmund the Vine Stalker Enchanter began the quest for the Orb.
     0 | D:1      | Reached XP level 1. HP: 9/9 MP: 4/4
    43 | D:1      | Reached skill level 1 in Short Blades
   105 | D:1      | Reached XP level 2. HP: 14/14 MP: 4/6
   114 | D:1      | Reached skill level 1 in Fighting
   153 | D:1      | Learned a level 2 spell: Ensorcelled Hibernation
   610 | D:1      | Reached XP level 3. HP: 18/18 MP: 7/7
   708 | D:1      | Learned a level 3 spell: Dazzling Spray
   726 | D:1      | Reached skill level 1 in Ice Magic
  1270 | D:2      | Gained mutation: Your natural rate of healing is unusually fast. [Vine Stalker growth]
  1270 | D:2      | Reached XP level 4. HP: 18/23 MP: 6/8
  2003 | D:3      | Found a hide-covered altar of Uskayaw.
  2213 | D:3      | Reached XP level 5. HP: 26/26 MP: 9/9
  2223 | D:3      | Noticed Natasha
  2227 | D:3      | Killed Natasha
  2366 | D:3      | Reached skill level 4 in Stealth
  2460 | D:3      | Slain by an orc

Vault maps used:
D:1:      shiori_shiawase, patterned_corridor
D:3:      overflow_temple_1_default, uniq_natasha

Skill      XL: |  1  2  3  4  5 |
---------------+----------------+-----
Short Blades   | 1 2 |  2.6
Fighting       | 1 2 |  2.2
Ice Magic      | 1 2 |  2.0
Stealth        | 4 |  4.0
Dodging        | |  1.5
Spellcasting   | |  2.5
Hexes          | |  3.0

Action                   |  1- 3 |  4- 6 || total
-------------------------+-------+-------++-------
Melee: Dagger            |    71 |    98 ||   169
       Bite              |     7 |    16 ||    23
 Cast: Corona            |    13 |     8 ||    21
       Ensorcelled Hiber |     5 |    13 ||    18
  Use: Scroll            |     4 |     3 ||     7
       Potion            |       |     4 ||     4
 Stab: Sleeping          |    21 |    17 ||    38
       Distracted        |       |     1 ||     1
  Eat: Chunk             |     1 |     5 ||     6
Armor: Robe              |    10 |    13 ||    23
Dodge: Dodged            |    31 |    63 ||    94

Table legend:
 A = Spawn XP
 B = Non-spawn XP
 C = Spawn XP percentage of total XP
 D = Spawn monster count
 E = Non-spawn monster count
 F = Spawn count percentage of total count
 G = Total turns spent on level
                    A         B        C        D         E        F      G
               +---------+---------+-------+---------+---------+-------+---------
         Total |       0 |     217 |   0.0 |       0 |      68 |   0.0 |  2460
               +---------+---------+-------+---------+---------+-------+---------
           D:1 |       0 |      68 |   0.0 |       0 |      31 |   0.0 |  1162
           D:2 |       0 |      56 |   0.0 |       0 |      24 |   0.0 |   834
           D:3 |       0 |      93 |   0.0 |       0 |      13 |   0.0 |   464
               +---------+---------+-------+---------+---------+-------+---------
